AoeStats
← kichakick98

Black Forest

506650453Analyzed
4v4 RM · 16d ago on Sep 14, 2026· 53m 41s· 8 players
Game mode
Random Map
Map size
Large (8 player)
Population
200
Speed
Normal
Resources
Standard
Victory
Conquest
Starting age
Dark Age
Ending age
Imperial Age
RankedLock teamsTeams togetherTeam positionsShared explorationLock speedFull tech treeHidden civsTurbo modeCheats
Victory
Defeat
🇧🇷 Hindustanis · Brazil
879
+14
🇦🇹 Spanish · Austria
790
+18
🇹🇷 Britons · Türkiye
782
+18
🇲🇽 Bohemians · Mexico
770
+19
🇨🇳 Persians · China
862
-18
🇳🇱 Poles · Netherlands
851
-18
🇮🇳 Britons · India
832
-17
🇧🇪 Slavs · Belgium
803
-16
Crassus
13:24 Feudal Age
24:51 Castle Age
28:43 Stone Mining
30:18 Wheelbarrow
33:26 Szlachta Privileges
33:59 Double-Bit Axe
33:57 Pikeman
34:18 Light Cavalry
35:11 Bloodlines
35:01 Husbandry
38:11 Squires
38:25 Forging
38:21 Scale Barding Armor
43:29 Hand Cart
46:48 Caravan
47:16 Horse Collar
49:51 Scale Mail Armor
49:56 Heavy Plow
Roberto_Panini
1:50 Loom
12:48 Feudal Age
14:21 Double-Bit Axe
16:22 Town Watch
20:51 Castle Age
18:48 Fletching
20:41 Padded Archer Armor
21:07 Horse Collar
22:09 Bloodlines
25:20 Pikeman
29:52 Fortified Wall
33:35 Imperial Age
31:09 Scale Mail Armor
32:07 Murder Holes
37:34 Chemistry
38:38 Ballistics
39:03 Squires
40:07 Wheelbarrow
40:01 Onager
41:30 Cavalier
44:16 Halberdier
49:45 Man-at-Arms
50:28 Long Swordsman
51:10 Two-Handed Swordsman
52:39 Forging
53:24 Champion
kichakick98
10:57 Feudal Age
12:19 Wheelbarrow
11:54 Double-Bit Axe
12:27 Horse Collar
13:30 Gold Mining
19:43 Castle Age
18:40 Stone Mining
20:16 Fletching
20:26 Padded Archer Armor
20:55 Bow Saw
22:06 Gold Shaft Mining
23:28 Padded Archer Armor
23:53 Loom
26:15 Hand Cart
30:05 Leather Archer Armor
30:13 Heavy Plow
36:36 Imperial Age
35:11 Fortified Wall
35:22 Ballistics
34:57 Murder Holes
35:18 Caravan
37:48 Siege Engineers
38:48 Chemistry
38:01 Masonry
38:49 Warwolf
38:10 Elite Longbowman
39:11 Conscription
38:30 Pikeman
39:10 Squires
38:56 Arson
38:57 Gambesons
39:37 Bodkin Arrow
40:12 Ring Archer Armor
41:43 Halberdier
43:27 Bracer
43:57 Ring Archer Armor
44:02 Architecture
45:07 Elite Longbowman
47:41 Forging
47:31 Scale Mail Armor
海南小石头
0:38 Loom
12:47 Feudal Age
17:42 Castle Age
16:19 Double-Bit Axe
17:19 Gold Mining
18:55 Horse Collar
22:19 Wheelbarrow
22:04 Heavy Plow
23:50 Husbandry
29:30 Imperial Age
27:41 Town Watch
29:01 Hand Cart
31:32 Crop Rotation
32:06 Scale Barding Armor
31:57 Stone Mining
32:47 Gold Shaft Mining
32:26 Bow Saw
34:11 Chemistry
35:05 Conscription
35:18 Town Patrol
36:02 Stone Shaft Mining
36:29 Two-Man Saw
35:55 Ballistics
36:35 Citadels
36:46 Forging
36:57 Guilds
36:52 Caravan
38:02 Coinage
39:13 Elite War Elephant
40:30 Bloodlines
41:00 Banking
43:36 Iron Casting
43:22 Chain Barding Armor
43:40 Squires
43:00 Pikeman
43:53 Halberdier
44:18 Arson
44:43 Cavalier
45:25 Guard Tower
48:09 Blast Furnace
47:02 Fletching
48:10 Savar
51:34 Light Cavalry
dz-oryx-
1:28 Loom
13:10 Feudal Age
13:43 Double-Bit Axe
13:41 Horse Collar
19:41 Castle Age
20:49 Bow Saw
21:43 Wheelbarrow
21:12 Gold Mining
21:37 Heavy Plow
23:53 Stone Mining
25:15 Stone Shaft Mining
28:06 Fortified Wall
27:52 Murder Holes
28:49 Town Watch
29:11 Husbandry
29:26 Bloodlines
30:26 Hand Cart
34:03 Imperial Age
32:06 Town Patrol
32:59 Forging
32:55 Scale Barding Armor
33:10 Fletching
33:21 Padded Archer Armor
33:22 Scale Mail Armor
33:52 Caravan
34:02 Light Cavalry
35:13 Chain Barding Armor
35:29 Iron Casting
36:03 Chemistry
35:23 Ballistics
35:15 Masonry
34:29 Cavalier
35:22 Squires
34:46 Elite Skirmisher
37:05 Bombard Tower
36:18 Paladin
38:42 Two-Man Saw
38:20 Plate Barding Armor
39:59 Blast Furnace
38:24 Pikeman
39:37 Bodkin Arrow
39:58 Leather Archer Armor
41:03 Thumb Ring
41:49 Chain Mail Armor
41:28 Elite Conquistador
43:32 Ring Archer Armor
43:02 Bracer
43:16 Hussar
52:04 Capped Ram
53:27 Siege Ram
Hebele
8:59 Loom
12:01 Feudal Age
12:28 Double-Bit Axe
18:21 Castle Age
17:06 Horse Collar
17:50 Man-at-Arms
19:24 Long Swordsman
21:26 Crossbowman
22:48 Scale Mail Armor
23:27 Gambesons
25:50 Wheelbarrow
34:12 Imperial Age
34:20 Two-Handed Swordsman
35:31 Squires
36:06 Fletching
37:02 Town Watch
37:23 Padded Archer Armor
38:57 Bow Saw
40:17 Ballistics
41:10 Town Patrol
41:40 Chain Mail Armor
41:36 Forging
41:22 Bodkin Arrow
41:26 Pikeman
43:48 Chemistry
43:52 Yeomen
44:20 Heavy Plow
44:38 Hand Cart
45:17 Bracer
45:33 Leather Archer Armor
46:47 Iron Casting
46:42 Plate Mail Armor
47:37 Champion
50:10 Arson
50:33 Stone Mining
50:34 Gold Mining
50:44 Halberdier
53:51 Blast Furnace
54:43 Two-Man Saw
JUANITO_METEORO
0:59 Loom
12:06 Feudal Age
16:54 Wheelbarrow
18:46 Castle Age
16:58 Double-Bit Axe
16:57 Horse Collar
27:44 Fletching
31:47 Imperial Age
30:03 Town Watch
34:40 Pikeman
35:21 Squires
35:07 Arson
35:49 Bodkin Arrow
35:55 Padded Archer Armor
36:06 Forging
36:02 Scale Barding Armor
35:57 Scale Mail Armor
37:12 Heavy Plow
38:41 Elite Hussite Wagon
40:05 Onager
40:10 Halberdier
43:00 Chain Mail Armor
45:29 Chemistry
44:40 Fortified Wall
44:26 Murder Holes
44:52 Ballistics
49:16 Town Patrol
49:32 Hand Cart
49:34 Leather Archer Armor
53:06 Houfnice
Pilgrim
0:57 Loom
13:55 Feudal Age
18:26 Wheelbarrow
21:35 Castle Age
21:12 Stone Mining
21:14 Gold Mining
21:11 Double-Bit Axe
21:09 Horse Collar
23:42 Heavy Plow
25:51 Hand Cart
27:14 Bow Saw
29:03 Fletching
31:57 Caravan
33:58 Gold Shaft Mining
33:59 Stone Shaft Mining
36:38 Imperial Age
40:02 Chemistry
39:44 Pikeman
40:24 Squires
40:10 Arson
41:21 Ballistics
41:12 Masonry
41:13 Scale Mail Armor
41:23 Forging
41:09 Bodkin Arrow
42:53 Theocracy
52:32 Two-Man Saw
Connection lost

Rejoining the realm…

Still unreachable

The connection could not be restored.

Session expired

The server has moved on; the page needs a fresh start.